 Dungeon Crawl Stone Soup version 0.21-a0-81-gc5150db (webtiles) character file.

64 Rrauwl the Magician (level 3, 0/19 HPs)
             Began as a Deep Elf Air Elementalist on June 23, 2017.
             Slain by Grinder (10 damage)
             ... on level 3 of the Dungeon.
             The game lasted 00:08:55 (1933 turns).

Rrauwl the Magician (Deep Elf Air Elementalist)     Turns: 1933, Time: 00:08:56

Health: 0/19       AC:  3    Str:  6    XL:     3   Next: 91%
Magic:  6/10       EV: 13    Int: 19    God:
Gold:   72         SH:  0    Dex: 15    Spells: 6/9 levels left

rFire    . . .     SeeInvis .   a - +0 rapier
rCold    . . .     Gourm    .   (no shield)
rNeg     . . .     Faith    .   r - +0 robe
rPois    .         Spirit   .   (no helmet)
rElec    .         Reflect  .   (no cloak)
rCorr    .         Harm     .   (no gloves)
MR       .....                  n - +0 pair of boots
Stlth    ++........             m - amulet of rage
HPRegen  0.06/turn              (no ring)
MPRegen  0.12/turn              (no ring)

@: hasted, very quick
A: no striking features
a: Evoke Berserk Rage


You were on level 3 of the Dungeon.
You were not hungry.

You visited 1 branch of the dungeon, and saw 3 of its levels.

You collected 72 gold pieces.

Inventory:

Hand Weapons
 a - a +0 rapier (weapon)
Missiles
 k - 8 silver javelins (quivered)
 l - 33 arrows
Armour
 n - a +0 pair of boots (worn)
 r - a +0 robe (worn)
Jewellery
 m - an amulet of rage (around neck)
Scrolls
 e - a scroll of enchant weapon
 h - 4 scrolls of identify {unknown}
 i - a scroll of noise {unknown}
 o - a scroll of teleportation
Potions
 f - a potion of heal wounds {unknown}
 g - 3 potions of curing
 j - 3 potions of degeneration {unknown}
Books
 b - a book of Air

   Spells                             Type                      Level
   a - Shock                          Conjuration/Air              1
   b - Swiftness                      Charms/Air                   2
   c - Static Discharge               Conjuration/Air              3
   d - Airstrike                      Air                          4
   e - Lightning Bolt                 Conjuration/Air              5
Comestibles
 c - a bread ration
 d - a chunk of flesh
 p - a royal jelly


   Skills:
 - Level 2.4 Dodging
 - Level 2.4 Stealth
 + Level 3.9 Spellcasting
 + Level 2.5 Conjurations
 + Level 3.8 Air Magic


You had 6 spell levels left.
You knew the following spells:

 Your Spells              Type           Power        Failure   Level  Hunger
a - Shock                 Conj/Air       ###.         3%          1    None
b - Swiftness             Chrm/Air       ##......     10%         2    ##.....


Dungeon Overview and Level Annotations

Branches:
Dungeon (3/15)

Altars:

Annotations:
D:3 Grinder


Message History

The zap hits Grinder.
Grinder is heavily wounded.
Casting: Shock
Confirm with . or Enter, or press ? or * to list all spells.
Aiming: Shock
Press: ? - help, Shift-Dir - straight line The zap hits Grinder.
Grinder is heavily wounded.
The zap hits Grinder.
Grinder is severely wounded.
Grinder barely misses you.
Casting: Shock
Confirm with . or Enter, or press ? or * to list all spells.
Aiming: Shock
Press: ? - help, Shift-Dir - straight line The zap misses Grinder.
The zap hits Grinder.
Grinder is severely wounded.
Grinder hits you!
Ouch! That really hurt!
You die...

.. b #.
#.## ...
#.#####
#.#.....#
#...@5..#
#.#####.#
#.......#
#.###.###
#.# #.#
####.#
#<...#
######


You could see Grinder and a bat (sleeping).

Vanquished Creatures
  An adder (D:2)
  An ooze (D:2)
  A worm (D:2)
  2 leopard geckos
  5 bats
  4 giant cockroaches
  8 hobgoblins
  3 jackals (D:1)
  A quokka (D:1)
  A frilled lizard (D:2)
  3 goblins
  5 kobolds
  7 rats
42 creatures vanquished.

Notes
Turn   | Place    | Note
-------+----------+-------------------------------------------
     0 | D:1      | Rrauwl the Deep Elf Air Elementalist began the quest for the Orb.
     0 | D:1      | Reached XP level 1. HP: 10/10 MP: 6/6
   448 | D:1      | Reached XP level 2. HP: 8/15 MP: 4/8
  1156 | D:2      | Reached XP level 3. HP: 8/19 MP: 1/10
  1914 | D:3      | Learned a level 2 spell: Swiftness
  1921 | D:3      | Noticed Grinder
  1933 | D:3      | Slain by Grinder

Vault maps used:
D:1:      co_arrival_square_in_a_square_in_a_square
D:2:      minmay_pentomino_q4
D:3:      xom_butterflies, gammafunk_temple_overflow_elements,
          guppyfry_early_orc_mine, uniq_crazy_yiuf_cottage, uniq_terence,
          uniq_grinder, uniq_sigmund

Skill      XL: |  1  2 |
---------------+-------+-----
Conjurations   | 2 |  2.5
Dodging        | |  2.4
Stealth        | |  2.4
Spellcasting   | |  3.9
Air Magic      | |  3.8

Action                   || total
-------------------------++-------
Melee: Unarmed           ||    29
       Rapier            ||     1
 Cast: Shock             ||    69
  Use: Scroll            ||     3
       Potion            ||     2
 Stab: Sleeping          ||     1
  Eat: Chunk             ||     3
Armor: Robe              ||    25
Dodge: Dodged            ||    73
